 Dungeon Crawl Stone Soup version 0.29-a0-824-gd827844252 (webtiles) character file.

Game seed: 11886839092518883764

39307 coolguy69 the Slicer (level 14, -2/115 HPs)
             Began as a Vine Stalker Berserker on July 10, 2022.
             Was a High Priest of Trog.
             Slain by a death yak (3 damage)
             ... on level 5 of the Lair of Beasts.
             The game lasted 00:17:48 (14157 turns).

coolguy69 the Slicer (Vine Stalker Berserker)      Turns: 14157, Time: 00:17:48

Health: -2/115     AC: 13    Str: 33    XL:     14   Next: 6%
Magic:  0/24       EV: 16    Int:  4    God:    Trog [*****.]
Gold:   1318       SH:  0    Dex: 15    Spells: 13/13 levels left

rFire   . . .      SeeInvis +   G - +2 dagger (venom)
rCold   . . .      Faith    .   (no shield)
rNeg    . . .      Spirit   +   j - +1 ring mail of Resonance {MP+9 Str+9 Int-3 SInv}
rPois   .          Reflect  .   t - +2 hat
rElec   .          Harm     .   y - +2 cloak
rCorr   .          Rampage  .   (no gloves)
Will    +....                   (no boots)
Stlth   ..........              (no amulet)
HPRegen 1.09/turn               (no ring)
MPRegen 0.19/turn               (no ring)

@: berserking (expiring), studying Dodging, very quick
A: fangs 3, regeneration 1, magic shield, antimagic bite, no potion heal 2
a: Renounce Religion, Berserk, Trog's Hand, Brothers in Arms


You were on level 5 of the Lair of Beasts.
You worshipped Trog.
Trog was extremely pleased with you.
You visited 2 branches of the dungeon, and saw 16 of its levels.

You collected 1318 gold pieces.

Inventory:

Hand Weapons
 o - a +0 short sword of draining
 G - a +2 dagger of venom (weapon)
Armour
 j - the +1 ring mail of Resonance (worn) {MP+9 Str+9 Int-3 SInv}
   (You found it on level 5 of the Dungeon)

   Str:       It affects your strength (+9).
   Int:       It affects your intelligence (-3).
   MP:        It affects your magic capacity (+9).
   SInv:      It lets you see invisible.
 t - a +2 hat (worn)
 y - a +2 cloak (worn)
 A - a +3 leather armour of poison resistance
Jewellery
 m - a +4 ring of evasion
 s - a +4 ring of evasion
 u - a ring of willpower
 H - a ring of fire
 P - a ring of magical power
Wands
 x - a wand of flame (96)
 D - a wand of polymorph (1)
 J - a wand of paralysis (5)
 K - a wand of light (11)
 L - a wand of roots (7)
Scrolls
 b - 3 scrolls of blinking
 d - 5 scrolls of enchant armour
 e - 2 scrolls of fog
 i - 4 scrolls of enchant weapon
 l - 2 scrolls of poison {unknown}
 n - 12 scrolls of teleportation
 v - 4 scrolls of fear
 w - 4 scrolls of immolation
 z - a scroll of noise
 C - 3 scrolls of magic mapping
 E - 4 scrolls of amnesia
 F - 6 scrolls of identify
 I - 2 scrolls of vulnerability {unknown}
Potions
 a - 6 potions of might
 c - 5 potions of curing
 f - 4 potions of resistance {unknown}
 g - 5 potions of lignification {unknown}
 h - 5 potions of mutation {unknown}
 k - 9 potions of heal wounds {unknown}
 p - 6 potions of flight {unknown}
 q - 9 potions of attraction
 r - 3 potions of brilliance {unknown}
 B - 5 potions of degeneration {unknown}
 M - 3 potions of berserk rage {unknown}
 N - 6 potions of haste {unknown}
 O - a potion of magic


   Skills:
 + Level 10.4 Fighting
 + Level 11.5 Short Blades
 + Level 10.6 Armour
 + Level 10.6 Dodging
 + Level 10.4 Stealth


You had 13 spell levels left.
You didn't know any spells.
Your spell library was empty.

Dungeon Overview and Level Annotations

Branches:
Dungeon (11/15)            Temple (0/1) D:7            Lair (5/6) D:10
  Swamp (0/4) Lair:4        Snake (0/4) Lair:3
  Slime: Lair:5-6       Orc: D:9-12

Altars:
Vehumet
Yredelemnul
Zin

Shops:
D:1 =!((   D:8 [


Innate Abilities, Weirdness & Mutations

You have razor-sharp teeth.
Your natural rate of healing is unusually fast.
When hurt, damage is shared between your health and your magic reserves.
Your bite disrupts and absorbs the magic of your enemies.
Potions cannot restore your health.


Message History

You puncture the death yak!
The death yak looks as sick as possible!
You bite the death yak. You drain its power.
You feel invigorated.
The death yak is severely wounded.
You feel sick. The death yak barely misses you. The death yak gores you!
* * * LOW HITPOINT WARNING * * *
The death yak gores you but does no damage.
You hit the death yak.
The death yak is severely wounded.
Unknown command.
You barely miss the death yak. You bite the death yak. You drain its power.
You feel invigorated.
The death yak is severely wounded.
Unknown command.
You barely miss the death yak.
The death yak is severely wounded.
You feel sick. The death yak gores you. The death yak misses you.
The death yak gores you!
* * * LOW HITPOINT WARNING * * *
Unknown command.
You hit the death yak.
The death yak looks as sick as possible!
You bite the death yak!
You kill the death yak!
Trog accepts your kill.
Unknown command.
Okay, then.
You puncture the death yak!
The death yak is poisoned.
You bite the death yak!! You drain its power.
You feel invigorated.
The death yak is moderately wounded.
* * * LOW HITPOINT WARNING * * *
You feel sick.
You are no longer poisoned.
Unknown command.
You puncture the death yak!
The death yak looks as sick as possible!
You bite the death yak! You drain its power.
The death yak is severely wounded.
The death yak gores you! x2
You die...

..# #.P. #........... ....# ...
##.......... ..##.##.#
##+######..##.....
..#......###......#......##..+
..........#.#.....#....##.#.#.
.........................+... ...
#...8.†.....8.#.....8.....#.
....+.......#...†.#.........+...
#....#.##..#..@†...#.##.#......
#.........##..YY....#..........
###...####..#####.###########....
#.#........P..# ..# ##.....
#(>..........# ...# ##......
#.......>..## <.8# .........
#.:[......#.# ...# ##.......
#.#...######## 8.## #.####.#
#..P# ########


You could see 2 death yaks.

Vanquished Creatures
  Snorg (Lair:3)
  2 hydras
  A boulder beetle (Lair:2)
  2 catoblepae
  9 death yaks
  Amaemon (D:9)
  2 oklob plants
  A manticore (D:11)
  A cyclops (D:11)
  An elephant (Lair:2)
  2 black mambas (Lair:2)
  An orange demon (D:9)
  A torpor snail (Lair:2)
  6 rime drakes
  14 cane toads
  Maggie (Lair:1)
  An unseen horror (D:11)
  7 komodo dragons
  4 polar bears
  A troll (D:10)
  A hornet (D:11)
  24 blink frogs
  4 slime creatures (D:10)
  27 yaks
  2 shadows
  2 vampires (D:9)
  A wraith (D:10)
  5 basilisks
  3 wyverns
  2 steam dragons
  4 acid dragons
  Edmund (D:6)
  10 water moccasins
  2 ice beasts (D:7)
  4 orc warriors
  A sky beast (D:7)
  3 black bears
  An ogre (D:5)
  13 wolves
  3 centaurs
  A phantom (D:4)
  A kobold brigand (D:9)
  11 bullfrogs
  Blork the orc (D:6)
  2 gnoll sergeants
  6 wights
  7 howler monkeys
  5 killer bees (D:9)
  2 electric eels
  7 crimson imps (D:8)
  A hound (D:6)
  Crazy Yiuf (D:4)
  3 orc priests
  Jessica (D:2)
  5 orc wizards
  3 gnolls (D:10)
  8 adders
  2 shadow imps
  2 white imps
  An ufetubus (D:7)
  A worm (D:3)
  4 dart slugs
  24 orcs
  6 ball pythons
  8 endoplasms
  7 hobgoblins
  3 jackals (D:3)
  2 quokkas (D:1)
  7 bats
  A frilled lizard (D:1)
  9 goblins
  8 kobolds
  5 rats
327 creatures vanquished.

Vanquished Creatures (others)
  A kobold (D:9)
  A demonic plant (D:1)
  5 fungi
  23 plants
  4 toadstools (D:5)
  A withered plant (D:1)
35 creatures vanquished.

Grand Total: 362 creatures vanquished

Notes
Turn   | Place    | Note
-------+----------+-------------------------------------------
     0 | D:1      | coolguy69 the Vine Stalker Berserker began the quest for
                  | the Orb.
     0 | D:1      | Reached XP level 1. HP: 11/11 MP: 2/2
    24 | D:1      | Found Dokkegij's Weapon Boutique.
    83 | D:1      | Reached XP level 2. HP: 16/16 MP: 3/3
   779 | D:1      | Found Fevvuem's Antique Weapon Shop.
   791 | D:1      | Found Janeak's Magic Scroll Boutique.
   826 | D:1      | Reached skill level 3 in Short Blades
   880 | D:1      | Found Eneoces's Jewellery Emporium.
   921 | D:1      | Found Wauklar's Distillery.
  1043 | D:1      | Reached XP level 3. HP: 7/20 MP: 2/4
  1262 | D:1      | Found a faded altar of an unknown god.
  1531 | D:2      | Noticed Jessica
  1536 | D:2      | Killed Jessica
  1537 | D:2      | Gained mutation: Your natural rate of healing is unusually
                  | fast. [Vine Stalker growth]
  1537 | D:2      | Reached XP level 4. HP: 8/24 MP: 2/5
  1719 | D:2      | Reached ** piety under Trog
  1951 | D:2      | Reached skill level 1 in Stealth
  2519 | D:3      | Found a glowing silver altar of Zin.
  2809 | D:4      | Reached XP level 5. HP: 28/28 MP: 6/6
  2943 | D:4      | Noticed a phantom
  2967 | D:4      | Killed a phantom
  2968 | D:4      | Reached skill level 4 in Short Blades
  3340 | D:4      | Found a runed translucent door.
  3341 | D:4      | Noticed Crazy Yiuf
  3348 | D:4      | Killed Crazy Yiuf
  3349 | D:4      | Reached XP level 6. HP: 32/32 MP: 5/7
  3447 | D:5      | Entered Level 5 of the Dungeon
  3488 | D:5      | Identified the +1 ring mail of Resonance {MP+9 Str+9 Int-3
                  | SInv}
  3573 | D:5      | Noticed a black bear
  3580 | D:5      | Killed a black bear
  4001 | D:5      | Reached XP level 7. HP: 37/37 MP: 8/8
  4305 | D:6      | Noticed Edmund
  4322 | D:6      | Killed Edmund
  4323 | D:6      | Reached skill level 5 in Short Blades
  4621 | D:6      | Gained mutation: You have razor-sharp teeth. [Vine Stalker
                  | growth]
  4621 | D:6      | Reached XP level 8. HP: 38/42 MP: 9/9
  4621 | D:6      | Reached *** piety under Trog
  4674 | D:6      | Noticed Blork the orc
  4687 | D:6      | Killed Blork the orc
  4688 | D:6      | Reached skill level 6 in Short Blades
  5053 | D:7      | Found a radiant altar of Vehumet.
  5195 | D:7      | Reached skill level 5 in Armour
  5195 | D:7      | Reached XP level 9. HP: 43/46 MP: 10/10
  5280 | D:7      | Reached skill level 7 in Short Blades
  5374 | D:7      | Found a staircase to the Ecumenical Temple.
  5711 | D:8      | Found Kun Dipu's Antique Armour Emporium.
  5958 | D:8      | Reached skill level 5 in Fighting
  6056 | D:8      | You fall into a shaft and drop 2 floors!
  6056 | D:10     | Entered Level 10 of the Dungeon
  6059 | D:10     | Noticed a catoblepas
  6073 | D:10     | Killed a catoblepas
  6074 | D:10     | Reached skill level 8 in Short Blades
  6222 | D:10     | Noticed a troll
  6253 | D:10     | Killed a troll
  6254 | D:10     | Reached XP level 10. HP: 39/53 MP: 11/11
  6343 | D:10     | Reached skill level 9 in Short Blades
  6348 | D:10     | Reached skill level 5 in Dodging
  6548 | D:10     | Reached **** piety under Trog
  6621 | D:10     | Found a staircase to the Lair.
  6622 | D:10     | Noticed an oklob plant
  7104 | D:9      | Reached XP level 11. HP: 18/58 MP: 12/12
  7531 | D:9      | Identified the +9 rapier "Lomotha" {vorpal, *Corrode Str+7
                  | Int+2 Stlth+}
  7575 | D:9      | Noticed Amaemon
  7591 | D:9      | Killed Amaemon
  7796 | D:8      | Found a basalt altar of Yredelemnul.
  8042 | D:11     | Reached skill level 10 in Short Blades
  8192 | D:11     | Identified the +1 helmet of Hepliaklqana, Grinning {Int-2
                  | Dex+5 SInv}
  8371 | D:11     | Noticed a cyclops
  8382 | D:11     | Killed a cyclops
  8542 | D:11     | Noticed a manticore
  8558 | D:11     | Killed a manticore
  8705 | D:10     | Identified a scroll of acquirement
  8707 | D:10     | Acquired a manual of Dodging
  8727 | D:10     | Killed an oklob plant
  8753 | D:10     | Identified the +8 spear "Giant's Toothpick" {freeze, rElec
                  | rN+ Dex-3}
  8779 | Lair:1   | Entered Level 1 of the Lair of Beasts
  8820 | Lair:1   | Reached ***** piety under Trog
  8863 | Lair:1   | Noticed a five-headed hydra
  8872 | Lair:1   | Killed a five-headed hydra
  9006 | Lair:1   | Reached XP level 12. HP: 60/64 MP: 13/13
  9041 | Lair:1   | Reached skill level 5 in Stealth
  9286 | Lair:1   | Noticed Maggie
  9302 | Lair:1   | Killed Maggie
 10300 | Lair:2   | HP: 3/65 [cane toad (2)]
 10362 | Lair:2   | Noticed a boulder beetle
 10381 | Lair:2   | Killed a boulder beetle
 10831 | Lair:2   | Reached XP level 13. HP: 57/70 MP: 14/14
 11400 | Lair:3   | Reached skill level 10 in Armour
 11419 | Lair:3   | Found a staircase to the Snake Pit.
 11621 | Lair:3   | Reached skill level 11 in Short Blades
 11970 | Lair:3   | Noticed Snorg
 11979 | Lair:3   | Killed Snorg
 12076 | Lair:3   | Received a gift from Trog
 12598 | Lair:4   | Found a staircase to the Swamp.
 12829 | Lair:4   | Reached skill level 10 in Dodging
 12844 | Lair:4   | Reached skill level 10 in Fighting
 13186 | Lair:4   | Reached skill level 10 in Stealth
 14136 | Lair:5   | Reached XP level 14. HP: 67/77 MP: 15/15
 14154 | Lair:5   | HP: 1/115 [death yak (5)]
 14157 | Lair:5   | Slain by a death yak

Illustrated notes

Levels and vault maps discovered:
D:1:      dpeg_arrival_rhombus, layout_rooms, shapermc_ecumenical_altar_gd,
          serial_shops, nicolae_shop_stone, shop_fountains, shop,
          nicolae_shop_bloodbath_and_beyond, nicolae_shop_statue_plus,
          serial_bayou_ford_a
D:2:      layout_basic, uniq_jessica
D:3:      layout_basic, zin_treasury, grunt_ministairs_9
D:4:      layout_rooms, uniq_crazy_yiuf_cottage
D:5:      layout_basic, minmay_gold_behind_fungi, water_boxes_lemuel
D:6:      layout_rooms, uniq_blork_the_orc, uniq_edmund
D:7:      layout_gridville, minmay_temple_entry_junction_2, minmay_ruined_shrine
D:8:      layout_cave_pools, lemuel_coloured_pillars_altar, serial_shops, shop,
          minmay_nine_imps
D:9:      layout_rooms, hangedman_decor_slide_cut, uniq_amaemon
D:10:     layout_small_grid, dpeg_oklobed_lair, minmay_crystal_room
D:11:     layout_loops_cross, gauntlet_entry_generic
Lair:1:   minmay_lair_oklob_chamber, layout_loops_ring, uniq_maggie
Lair:2:   nzn_winding_woodlands_huge [nzn_winding_woodlands_5x15_jagged,
          nzn_winding_woodlands_5x15_cabin,
          nzn_winding_woodlands_5x15_lazy_stream,
          nzn_winding_woodlands_5x15_garden, nzn_winding_woodlands_5x15_parted,
          nzn_winding_woodlands_5x15_concentric,
          nzn_winding_woodlands_5x15_split_checker,
          nzn_winding_woodlands_5x15_twine, nzn_winding_woodlands_5x15_pool,
          nzn_winding_woodlands_5x15_crooked,
          nzn_winding_woodlands_center_triple_pond,
          nzn_winding_woodlands_center_garden,
          nzn_winding_woodlands_15x15_thick_spiral], layout_long_grid,
          dreamdust_mushroom_princess
Lair:3:   layout_layer_cave, guppyfry_snake_entry_garden,
          grunt_forest_stairs_basic, grunt_megastairs_2, uniq_snorg
Lair:4:   layout_regular_city, swamp_mist_pool
Lair:5:   layout_roguey, grunt_megastairs_1

Skill      XL: |  1  2  3  4  5  6  7  8  9 10 11 12 13 |
---------------+----------------------------------------+-----
Fighting       | 3 4 5 6 7 9 10 | 10.4
Short Blades   | 3 4 5 6 8 9 10 11 | 11.5
Dodging        | 2 3 4 5 7 8 10 | 10.6
Stealth        | 1 2 3 4 8 10 | 10.4
Armour         | 2 3 4 5 6 7 8 9 10 | 10.6

Action                   |  1- 3 |  4- 6 |  7- 9 | 10-12 | 13-15 || total
-------------------------+-------+-------+-------+-------+-------++-------
Melee: Short sword       |    66 |   176 |   179 |       |       ||   421
       Bite              |    22 |    40 |    79 |   309 |   200 ||   650
       Punch             |     1 |     2 |     5 |    16 |    14 ||    38
       Dagger            |       |       |    91 |   710 |   442 ||  1243
Invok: Berserk           |     1 |     1 |     5 |    12 |     5 ||    24
  Use: Scroll            |       |     9 |     2 |     5 |     1 ||    17
       Potion            |       |       |       |     3 |       ||     3
 Stab: Sleeping          |     2 |     1 |       |     9 |     7 ||    19
       Invisible         |       |       |       |     4 |       ||     4
       Petrified         |       |       |       |       |     1 ||     1
Armor: Animal skin       |     6 |       |       |       |       ||     6
       Chain mail        |       |    69 |       |       |       ||    69
       Ring mail         |       |     5 |    91 |   138 |    77 ||   311
Dodge: Dodged            |    43 |    75 |   149 |   291 |   210 ||   768

Table legend: (Time is in decaauts)
 A = Elapsed time spent in this place.
 B = Non-inter-level travel time spent in this place.
 C = Inter-level travel time spent in this place.
 D = Time resting spent in this place.
 E = Time spent auto-exploring this place.
 F = Levels seen in this place.
 G = Mean time per level.
                   A        B        C        D        E       F      G
               +--------+--------+--------+--------+--------+-----+--------+
         Total |  13726 |  13113 |    613 |   1161 |   9773 |  16 |  857.9 |
       Dungeon |   8655 |   8147 |    508 |    534 |   6241 |  11 |  786.8 |
          Lair |   5071 |   4967 |    104 |    627 |   3532 |   5 | 1014.2 |
               +--------+--------+--------+--------+--------+-----+--------+

Top non-repeatable levels by time:
     D:1: 1573 daAuts
  Lair:2: 1563 daAuts
  Lair:4: 1102 daAuts
  Lair:3: 1070 daAuts
    D:10: 988 daAuts
  Lair:1: 882 daAuts
     D:5: 823 daAuts
    D:11: 737 daAuts
     D:9: 726 daAuts
     D:8: 651 daAuts
     D:3: 651 daAuts
     D:4: 649 daAuts
     D:7: 641 daAuts
     D:6: 629 daAuts
     D:2: 581 daAuts
